Map: [ESL] Oceanborn

Players

DRG

  • Race: Zerg Zerg
  • Spawn Location: 11:00

Scarlett - Winner!

  • Race: Zerg Zerg
  • Spawn Location: 5:00

Event: IEM Katowice 2024

VOD

Have the link to the VOD?

Description

Time

  • Played on: Dec. 10, 2023, 6:33 p.m.
  • Length: 18:26

All games in this series

Show
View Real Time Build Order
Export as new Build Order

DRG Zerg 

Build Orders: Hatch First 

Get SALT Encoding   

  12  0:00  Drone  
  13  0:12  Overlord  
  13  0:17  Drone  
  14  0:31  Drone x2  
  16  0:48  Hatchery  
  15  0:51  Drone  
  15  0:55  Drone  
  17  0:58  Drone  
  18  1:09  Extractor  
  17  1:13  Spawning Pool  
  17  1:16  Drone  
  17  1:20  Drone  
  18  1:27  Drone  
  19  1:39  Drone  
  20  1:49  Drone  
  21  2:00  Queen x2  
  25  2:01  Overlord  
  25  2:02  Drone  
  26  2:12  Drone x2  
  26  2:13  Metabolic Boost  
  28  2:23  Zergling x4  
  30  2:32  Drone  
  30  2:33  Drone  
  30  2:37  Hatchery  
  31  2:44  Queen  
  31  2:49  Baneling Nest  
  32  2:52  Zergling x2  
  32  2:55  Overlord  
  33  2:59  Drone  
  33  3:00  Drone  
  33  3:05  Drone  
  36  3:07  Overlord  
  36  3:15  Zergling x4  
  36  3:19  Drone x2  
  40  3:22  Drone x2  
  40  3:26  Zergling x2  
  43  3:28  Drone  
  44  3:34  Baneling  
  44  3:36  Drone x2  
  46  3:43  Drone x6  
  51  3:49  Roach Warren  
  51  3:53  Extractor  
  51  3:54  Drone x2  
  51  3:58  Drone x2  
  51  4:02  Overlord  
  53  4:07  Drone  
  53  4:08  Overlord  
  54  4:16  Evolution Chamber  
  53  4:17  Overlord  
  53  4:23  Overlord  
  53  4:30  Baneling  
  53  4:33  Roach x7  
  53  4:35  Roach  
  69  4:39  Roach x2  
  69  4:41  Roach  
  69  4:44  Roach  
  75  4:54  Zergling x12  
  75  4:56  Zergling x2  
  75  4:58  Zergling x2  
  82  5:01  Overlord  
  82  5:02  Overlord  
  82  5:05  Overlord  
  82  5:09  Overlord  
  82  5:11  Overlord  
  82  5:17  Overlord  
  82  5:20  Zergling x6  
  85  5:26  Zergling x2  
  85  5:27  Ravager  
  86  5:29  Zergling x2  
  86  5:33  Zergling x14  
  86  5:34  Zerg Missile Weapons Level 1  
  82  5:40  Zergling x2  
  75  5:43  Lair  
  75  5:45  Drone  
  75  5:46  Drone  
  75  5:49  Drone  
  78  5:53  Drone  
  78  5:56  Drone  
  80  6:00  Drone x4  
  84  6:05  Drone x2  
  84  6:06  Drone  
  84  6:08  Drone  
  84  6:09  Drone x3  
  90  6:12  Drone  
  90  6:16  Drone  
  90  6:17  Extractor x2  
  90  6:18  Extractor  
  89  6:20  Extractor  
  89  6:22  Drone x2  
  92  6:25  Roach  
  92  6:28  Roach  
  92  6:29  Roach x3  
  100  6:32  Overlord  
  100  6:35  Drone x3  
  103  6:41  Drone x2  
  103  6:43  Glial Reconstitution  
  103  6:44  Spire  
  103  6:45  Roach x3  
  110  6:50  Drone  
  110  6:53  Drone  
  112  6:54  Overseer  
  112  6:57  Roach x4  
  112  7:00  Overlord  
  119  7:07  Drone x4  
  123  7:11  Roach x2  
  127  7:24  Overlord x2  
  127  7:26  Overlord, Hatchery  
  126  7:30  Roach x6  
  126  7:35  Roach x2  
  142  7:43  Overlord  
  138  7:49  Overlord  
  138  7:57  Mutalisk x7  
  152  8:02  Overlord x2  
  152  8:04  Queen  
  153  8:14  Zerg Missile Weapons Level 2  
  148  8:20  Roach x9  
  164  8:28  Drone x3  
  164  8:29  Drone x3  
  164  8:32  Roach  
  164  8:33  Roach  
  174  8:35  Ravager x2  
  176  8:41  Roach x3  
  178  8:50  Extractor  
  178  8:51  Roach x6  
  165  8:59  Roach x5  
  165  9:02  Roach x2  
  159  9:09  Roach  
  163  9:10  Roach x3  
  161  9:18  Roach x4  
  161  9:21  Roach  
  161  9:22  Roach x3  
  177  9:28  Roach  
  177  9:29  Roach x3  
  185  9:32  Roach x2  
  185  9:36  Roach x2  
  193  9:41  Overlord  
  193  9:44  Overlord x2  
  193  9:51  Overlord  
  193  9:55  Tunneling Claws  
  193  9:56  Burrow  
  193  9:57  Overlord  
  193  10:00  Ravager x2  
  193  10:01  Ravager x4  
  199  10:20  Roach  
  199  10:26  Hatchery  
  186  10:35  Roach x20  
  194  10:38  Roach x3  
  193  10:43  Ravager x3  
  196  10:50  Roach x2  
  186  11:05  Roach x8  
  197  11:11  Roach x2  
  197  11:16  Zerg Ground Armor Level 1  
  197  11:18  Infestation Pit  
  171  11:36  Roach x15  
  172  11:41  Roach x2  
  172  11:42  Roach x5  
  176  11:48  Roach x4  
  176  11:53  Ravager  
  175  11:58  Roach x4  
  177  12:03  Roach x3  
  177  12:04  Roach  
  177  12:07  Drone x2  
  177  12:08  Extractor  
  186  12:09  Ravager  
  187  12:17  Roach x5  
  187  12:22  Hive  
  197  12:24  Pneumatized Carapace  
  197  12:27  Roach  
  197  12:32  Roach x4  
  197  12:33  Roach x3, Hydralisk Den  
  197  12:34  Roach x32, Ravager  
  197  12:37  Ravager  
  197  12:41  Ravager  
  199  12:47  Ravager  
  200  13:01  Spine Crawler  
  200  13:03  Spore Crawler  
  200  13:05  Spore Crawler  
  194  13:08  Grooved Spines  
  194  13:09  Lurker Den  
  191  13:13  Zerg Ground Armor Level 2  
  191  13:19  Overlord x2  
  191  13:21  Overlord  
  191  13:24  Overlord  
  191  13:35  Overlord  
  189  13:41  Hydralisk x4  
  189  13:42  Hydralisk x2  
  188  13:59  Roach x6  
  200  14:05  Muscular Augments  
  189  14:20  Seismic Spines  
  189  14:25  Lurker x3  
  189  14:29  Hydralisk x4  
  196  14:46  Drone  
  182  14:53  Hydralisk x9  
  200  15:00  Hatchery  
  200  15:03  Overseer  
  200  15:05  Nydus Network  
  198  15:09  Lurker  
  198  15:10  Lurker  
  200  15:17  Adaptive Talons  
  200  15:20  Spine Crawler  
  196  15:36  Lurker x4  
  197  15:47  Hydralisk  
  199  15:50  Overseer x2  
  199  15:54  Lurker x2  
  199  15:55  Lurker x5  
  200  15:59  Hatchery  
  195  16:04  Overlord x2  
  189  16:13  Hydralisk, Nydus Canal  
  189  16:14  Hydralisk x2  
  189  16:16  Overseer  
  189  16:18  Hydralisk  
  189  16:20  Overlord  
  191  16:39  Roach x7  
  196  16:41  Roach x3  
  196  16:46  Roach  
  183  16:47  Hydralisk x8  
  183  16:52  Hydralisk x2  
  194  17:00  Lurker x4  
  196  17:01  Hydralisk  
  188  17:24  Lurker x2  
  188  17:27  Hydralisk  
  188  17:28  Hydralisk x4  
  198  17:41  Hydralisk x2  
  198  17:42  Hydralisk x3  
  200  17:52  Overseer  
  196  18:05  Drone x2  
Show
View Real Time Build Order
Export as new Build Order

Scarlett Zerg - Winner!

Build Orders: Hatch First, Lurkers, Roach Hydra 

Get SALT Encoding   

  12  0:00  Drone  
  13  0:12  Overlord  
  13  0:17  Drone  
  14  0:30  Drone x2  
  16  0:46  Hatchery  
  15  0:50  Drone  
  15  0:54  Drone  
  17  0:57  Drone  
  18  1:08  Extractor  
  17  1:12  Spawning Pool  
  17  1:15  Drone  
  18  1:18  Drone  
  18  1:27  Drone  
  19  1:38  Drone  
  20  1:49  Drone  
  21  1:58  Queen x2  
  21  2:00  Drone, Overlord  
  26  2:09  Metabolic Boost  
  26  2:10  Zergling x2, Drone  
  28  2:20  Drone  
  28  2:21  Zergling x2  
  30  2:31  Drone  
  30  2:32  Drone  
  30  2:36  Hatchery  
  31  2:42  Queen  
  33  2:47  Overlord  
  33  2:54  Drone x2  
  35  3:00  Baneling Nest  
  34  3:06  Drone  
  34  3:07  Drone x2  
  34  3:10  Drone x3  
  40  3:14  Overlord  
  40  3:18  Zergling x2  
  41  3:20  Drone  
  41  3:25  Drone x2  
  44  3:38  Zergling x2  
  44  3:39  Drone x2  
  47  3:41  Drone x3  
  47  3:45  Drone, Baneling  
  51  3:48  Drone  
  51  3:51  Extractor  
  51  3:53  Roach Warren  
  51  3:54  Zergling x2  
  51  3:55  Zergling x8, Baneling  
  55  4:06  Drone x3  
  58  4:10  Overlord  
  58  4:14  Extractor  
  58  4:16  Drone  
  58  4:17  Overlord  
  58  4:20  Evolution Chamber  
  58  4:21  Overlord  
  58  4:22  Drone  
  57  4:25  Overlord  
  57  4:30  Drone x5  
  62  4:39  Drone x3  
  65  4:48  Drone  
  66  4:52  Drone  
  66  4:53  Drone x6  
  66  4:55  Roach x2, Spine Crawler x2  
  66  4:57  Roach  
  72  5:03  Roach x2  
  72  5:05  Roach  
  78  5:10  Roach x4  
  86  5:15  Roach  
  86  5:16  Overlord  
  86  5:18  Spine Crawler  
  87  5:23  Roach  
  87  5:27  Zergling x4, Overlord  
  88  5:33  Roach  
  88  5:35  Roach x2, Queen x2  
  90  5:38  Roach x3  
  90  5:42  Roach  
  88  5:43  Zerg Missile Weapons Level 1  
  88  5:47  Baneling x2, Roach  
  90  5:51  Drone x4  
  94  5:59  Roach x2  
  94  6:01  Roach x3  
  104  6:12  Lair  
  104  6:13  Queen  
  104  6:14  Overlord  
  104  6:15  Overlord  
  104  6:18  Extractor x2  
  104  6:23  Drone x2  
  104  6:25  Overlord  
  106  6:35  Drone x5  
  111  6:40  Drone  
  111  6:44  Drone x6  
  118  6:49  Extractor  
  118  6:54  Overlord x3  
  116  7:09  Roach x6  
  116  7:10  Pneumatized Carapace  
  128  7:18  Glial Reconstitution, Hatchery  
  128  7:19  Overseer  
  128  7:20  Infestation Pit  
  128  7:21  Overseer  
  128  7:22  Roach x5  
  136  7:32  Roach x6  
  148  7:40  Overlord x3  
  148  7:45  Overlord  
  148  7:46  Overlord  
  148  7:54  Drone x3  
  151  8:00  Queen x2  
  151  8:01  Queen  
  151  8:02  Drone  
  151  8:04  Spore Crawler  
  151  8:05  Hydralisk Den  
  152  8:20  Drone x3  
  152  8:21  Spore Crawler  
  152  8:24  Spore Crawler  
  153  8:30  Drone  
  153  8:31  Drone x4  
  158  8:36  Grooved Spines  
  158  8:42  Hydralisk x7  
  158  8:44  Hydralisk  
  158  8:47  Hydralisk  
  170  8:51  Hydralisk  
  170  8:52  Hydralisk  
  150  8:56  Hydralisk  
  150  8:57  Hydralisk x2  
  140  9:02  Roach x3  
  114  9:10  Roach x4  
  122  9:19  Roach x5  
  132  9:26  Roach x4  
  132  9:31  Muscular Augments  
  140  9:33  Zerg Ground Armor Level 1  
  140  9:35  Roach  
  142  9:39  Roach x2  
  142  9:43  Roach x2  
  150  9:47  Roach x2  
  150  9:52  Roach  
  153  9:58  Roach x5  
  163  10:00  Roach x2  
  167  10:08  Infestor x2  
  167  10:10  Roach x2  
  167  10:13  Roach x3  
  181  10:20  Roach  
  164  10:32  Roach x3  
  164  10:34  Roach x9  
  157  10:46  Roach  
  157  10:47  Roach x6, Ravager  
  157  10:48  Ravager  
  157  10:49  Ravager  
  172  10:52  Roach x3  
  178  10:57  Roach x3  
  178  11:06  Ravager  
  178  11:09  Drone  
  178  11:10  Drone x4  
  178  11:11  Extractor, Hydralisk Den  
  183  11:16  Spore Crawler  
  181  11:19  Drone  
  181  11:25  Overseer  
  182  11:30  Roach  
  182  11:31  Roach x9  
  185  11:37  Roach x4  
  171  11:44  Drone x5  
  171  11:45  Overseer  
  170  11:57  Drone x4  
  170  11:58  Drone x3  
  177  12:02  Drone x3  
  177  12:03  Drone  
  181  12:10  Infestor x2  
  181  12:11  Infestor  
  181  12:13  Drone  
  188  12:16  Drone  
  188  12:17  Drone x2  
  188  12:19  Drone  
  188  12:21  Overseer  
  192  12:27  Overlord  
  192  12:28  Overlord  
  192  12:29  Zerg Missile Weapons Level 2  
  192  12:56  Hydralisk x4  
  200  12:59  Lurker Den  
  200  13:00  Drone x3, Extractor x2  
  200  13:01  Hive  
  200  13:08  Spine Crawler  
  200  13:09  Spine Crawler  
  200  13:10  Spine Crawler  
  200  13:11  Drone, Spine Crawler  
  197  13:19  Ravager  
  198  13:21  Ravager  
  198  13:22  Drone  
  200  13:31  Overseer  
  200  13:33  Spine Crawler  
  199  13:34  Spine Crawler  
  198  13:43  Roach  
  200  13:54  Hatchery  
  195  13:57  Hydralisk x2  
  195  13:59  Ravager  
  200  14:14  Roach x2  
  193  14:21  Roach x3  
  199  14:32  Seismic Spines  
  199  14:37  Roach  
  199  14:38  Roach  
  197  14:40  Hydralisk  
  189  14:55  Ravager x2  
  189  14:57  Lurker x6, Ravager  
  189  14:59  Zerg Missile Weapons Level 3  
  196  15:03  Overseer x2  
  196  15:04  Evolution Chamber  
  195  15:07  Spine Crawler  
  195  15:14  Drone x6  
  195  15:16  Spine Crawler  
  195  15:17  Spore Crawler  
  198  15:22  Overseer x4  
  198  15:29  Adaptive Talons  
  196  15:51  Zerg Ground Armor Level 2  
  194  16:08  Drone x8  
  199  16:12  Extractor  
  199  16:13  Extractor  
  199  16:15  Overseer  
  199  16:17  Nydus Network  
  196  16:18  Drone x2  
  196  16:19  Drone  
  195  16:28  Drone  
  195  16:29  Drone x3  
  195  16:30  Hydralisk Den  
  195  16:31  Lurker Den  
  182  16:48  Overseer  
  182  16:55  Viper x6  
  200  17:19  Overseer  
  197  17:42  Overlord  
  197  17:43  Overlord  
  191  17:49  Drone, Spore Crawler, Spine Crawler  
  191  17:50  Spine Crawler  
  189  17:52  Spore Crawler  
  188  17:59  Lurker x5, Hydralisk x2  
  188  18:00  Overlord x2  
  188  18:04  Extractor  
  188  18:05  Hatchery  
  195  18:08  Extractor  

Tags
 
Add a new tag
Caveats
  • Supply blocks, unpowered buildings, or Contaminate may cause inaccurate times.
  • Supply counts are checked every 10 seconds.